 Dungeon Crawl Stone Soup version 0.25-a0-890-g62861fb (webtiles) character file.

Game seed: 11014875764157578627, levelgen mode: deterministic

108440 robertstho the Severer (level 16, -3/152 HPs)
             Began as a Minotaur Berserker on May 11, 2020.
             Was the Champion of Trog.
             Slain by a +0 mace of distortion (4 damage)
             ... on level 2 of the Elven Halls.
             The game lasted 00:49:52 (22271 turns).

robertstho the Severer (Minotaur Berserker)        Turns: 22271, Time: 00:49:52

Health: -3/152     AC: 16    Str: 25    XL:     16   Next: 2%
Magic:  15/15      EV: 16    Int:  8    God:    Trog [******]
Gold:   2726       SH:  0    Dex: 16    Spells: 15/15 levels left

rFire    + + .     SeeInvis +   L - +6 hand axe of the Crypt {flame, Dex+5}
rCold    x . .     Gourm    .   K - +0 kite shield
rNeg     . . .     Faith    .   X - +0 fire dragon scales
rPois    .         Spirit   .   V - +0 hat {Int+3}
rElec    .         Reflect  .   P - scarf {repulsion}
rCorr    .         Harm     .   W - +0 pair of gloves
MR       ++++.     Rnd*Tele +   G - +0 pair of boots
Stlth    ..........             Q - amulet of regeneration
HPRegen  1.75/turn              r - ring of see invisible
MPRegen  0.14/turn              U - ring of protection from magic

@: confused, berserk cooldown, very slightly contaminated, regenerating, slowed,
lightly drained, invisible, repel missiles, very slow
A: retaliatory headbutt, horns 2, teleportitis 1, weak 1
a: Berserk, Trog's Hand, Brothers in Arms, Renounce Religion


You were on level 2 of the Elven Halls.
You worshipped Trog.
Trog was exalted by your worship.
You were hungry.

You visited 4 branches of the dungeon, and saw 25 of its levels.
You also visited: Ossuary.

You collected 4766 gold pieces.
You spent 2040 gold pieces at shops.

Inventory:

Hand Weapons
 o - a +5 vorpal broad axe
 L - the +6 hand axe of the Crypt (weapon) {flame, Dex+5}
   (Trog gifted it to you on level 1 of the Elven Halls)

   It has been specially enchanted to burn those struck by it, causing extra
   injury to most foes and up to half again as much damage against particularly
   susceptible opponents.
   Big, fiery blades are also staple armaments of hydra-hunters.
   It affects your dexterity (+5).
 N - a +5 antimagic executioner's axe
Missiles
 i - 118 poisoned darts (quivered)
 j - 13 curare-tipped darts
Armour
 y - a +1 plate armour of magic resistance
 G - a +0 pair of boots (worn)
 K - a +0 kite shield (worn)
 P - a scarf of repulsion (worn)
 T - +0 acid dragon scales
 V - a +0 hat of intelligence (worn)
 W - a +0 pair of gloves (worn)
 X - +0 fire dragon scales (worn)
Jewellery
 r - a ring of see invisible (left hand)
 H - an uncursed ring of protection from cold
 O - an uncursed ring of positive energy
 Q - an amulet of regeneration (around neck)
 U - a ring of protection from magic (right hand)
 Z - an uncursed amulet of the acrobat
Wands
 a - a wand of clouds (4)
 C - a wand of iceblast (34)
 D - a wand of digging (5)
 E - a wand of acid (17)
 F - a wand of scattershot (3)
 R - a wand of disintegration (12)
Scrolls
 b - 2 scrolls of identify
 e - 8 scrolls of fear
 f - 11 scrolls of remove curse
 g - 7 scrolls of enchant weapon
 l - 5 scrolls of enchant armour
 n - a scroll of brand weapon
 v - 18 scrolls of teleportation
 x - 7 scrolls of immolation
 B - a scroll of summoning
 I - 4 scrolls of magic mapping
 J - 3 scrolls of blinking
 S - a scroll of fog
Potions
 k - 2 potions of stabbing
 m - 2 potions of haste
 p - 2 potions of resistance
 q - a potion of invisibility
 t - 12 potions of curing
 u - 3 potions of ambrosia
 w - 4 potions of might
 z - 5 potions of lignification
 A - 2 potions of flight
Miscellaneous
 Y - a box of beasts
Comestibles
 c - 39 rations
 d - a chunk of flesh


   Skills:
 * Level 16.4(15.7) Fighting
 * Level 20.6(20.0) Axes
   Level 3.6(13.8) Maces & Flails
 * Level 14.3(13.7) Armour
 * Level 11.0(10.4) Dodging
 + Level 1.5(1.1) Stealth
 + Level 8.3(7.7) Shields


You had 15 spell levels left.
You didn't know any spells.
Your spell library was empty.

Dungeon Overview and Level Annotations

Branches:
Dungeon (15/15)            Temple (0/1) D:4            Lair (6/6) D:8
  Swamp (0/4) Lair:3       Spider (0/4) Lair:3        Slime (0/5) Lair:5
    Orc (2/2) D:10            Elf (2/3) Orc:2        Vaults (0/5) D:13
 Depths (0/5) D:15        Ossuary (visited)

Altars:
Ashenzari
Dithmenos
Elyvilon
Makhleb
Sif Muna
The Shining One
Beogh

Shops:
D:5 =(*   D:12 [   D:13 ?   Orc:2 *?[:?   Elf:1 }::

Annotations:
D:5 143 axe
D:13 scroll shop
Abyss:1 Rupert


Innate Abilities, Weirdness & Mutations

You reflexively headbutt those who attack you in melee.
You have a pair of horns on your head.
You are occasionally teleported next to monsters.
You are weak. (Str -2)


Message History

Trog says: Kill them all!
Press ? for a list of commands and other information.
You fade into invisibility!
The tarantella barely misses you. You block the tarantella's attack.
You block the +0 mace of distortion's attack.
You feel better. You block the tarantella's attack.
The tarantella barely misses you. The +0 mace of distortion hits you.
* * * LOW HITPOINT WARNING * * *
Space bends around you.
* * * LOW HITPOINT WARNING * * *
The tarantella bites you.
* * * LOW HITPOINT WARNING * * *
You are confused.
The +2 trident of protection hits you from afar!
* * * LOW HITPOINT WARNING * * *
The tarantella bites you but does no damage.
The tarantella bites you.
* * * LOW HITPOINT WARNING * * *
The +0 mace of distortion hits you.
You die...

#.## ....................##
.#.# #...................# ####
#.........e(#.....## # #...
#........55###e..## #...
#..)..5.3## #..# ####...#
##...e.....## ...#
##.##....###....(e(....#......#
#..##.....#....s(s......... .##
...# #..))).....@3......... ##
...# #....##...##...##.... ...#
#..# ##.####.## #...
...######## ### ### ..
.........# ........##
.........# # #........# #..
##.#..##.# #....


You could see a deep elf knight, 2 deep elf magi, a sixfirhy, a neqoxec, 2
tarantellas, an iron imp, 4 dancing weapons, a quasit and an ufetubus.

Vanquished Creatures
  A deep elf blademaster (Elf:2)
  Gastronok (D:10)
  A stone giant (Orc:2)
  A deep elf demonologist (Elf:2)
  A deep elf death mage (Elf:1)
  2 fire dragons
  A yaktaur captain (D:15)
  Josephine (Lair:6)
  3 ogre magi (Orc:2)
  An ice dragon (Lair:3)
  A deep elf high priest (Elf:1)
  5 centaur warriors
  15 two-headed ogres
  5 dancing weapons
  Sonja (Lair:5)
  3 deep elf knights
  An unseen horror (D:11)
  2 lindwurms
  A wolf spider zombie (D:12)
  4 deep elf archers (Elf:1)
  3 oklob plants
  23 deep elf magi
  9 ugly things
  5 cyclopes
  An orc knight (Orc:1)
  An orb spider (shapeshifter) (D:13)
  4 orc sorcerers
  A salamander (shapeshifter) (Elf:2)
  A guardian serpent (shapeshifter) (D:13)
  6 black mambas
  3 elephants (Lair:4)
  A gargoyle (D:15)
  A torpor snail (Lair:3)
  2 molten gargoyles (Lair:6)
  11 spiny frogs
  An efreet (D:15)
  3 kobold demonologists
  2 freezing wraiths
  10 komodo dragons
  A yaktaur (D:15)
  2 tengu conjurers (D:15)
  3 meliai (D:14)
  6 trolls
  6 blink frogs
  7 dream sheep (Lair:5)
  6 hippogriffs
  7 wyverns
  A vampire (D:14)
  2 air elementals (Elf:1)
  2 water elementals
  8 wraiths
  2 shadows
  A basilisk (Lair:6)
  42 yaks
  A fire elemental (Elf:1)
  A steam dragon (Lair:5)
  Grum (Lair:1)
  4 hungry ghosts
  Menkaure (D:7)
  3 wargs
  6 vampire mosquitoes
  8 water moccasins
  2 acid dragons
  3 hell hounds (Lair:6)
  8 porcupines
  25 orc warriors
  3 ice beasts
  A necrophage (D:7)
  3 sky beasts
  An eye of draining (D:12)
  A phantom (D:10)
  A black bear (D:7)
  23 ogres
  9 centaurs
  13 wolves
  10 crocodiles
  2 big kobolds
  18 bullfrogs
  2 earth elementals (Elf:1)
  A wyvern zombie (D:14)
  A wyvern skeleton (D:8)
  A water moccasin skeleton (D:4)
  3 scorpions
  10 killer bees
  21 jellies
  3 wights (D:15)
  An electric eel (Lair:3)
  3 lava snakes (Lair:6)
  7 crimson imps
  3 howler monkeys
  5 centaur zombies
  2 bullfrog zombies (D:12)
  2 human zombies (Ossuary)
  19 orc priests
  9 hounds
  A bullfrog skeleton (D:5)
  A gnoll shaman (D:7)
  20 orc wizards
  7 centaur skeletons
  3 iguanas
  11 worker ants
  2 big kobold zombies (Ossuary)
  A hound zombie (D:9)
  A hound skeleton (D:9)
  4 mummies (Ossuary)
  4 gnolls (D:7)
  9 river rats (D:6)
  8 adders
  A howler monkey skeleton (D:4)
  2 shadow imps
  6 oozes
  2 adder skeletons
  4 worms
  5 dart slugs
  4 leopard geckos
  97 orcs
  6 giant cockroaches
  A gnoll zombie (Ossuary)
  6 hobgoblins
  16 jackals
  16 kobolds
  11 quokkas
  7 ball pythons
  9 bats
  4 frilled lizards
  8 goblins
  A kobold zombie (Ossuary)
  An orc zombie (Ossuary)
  2 quokka skeletons (D:6)
  26 rats
  A rat zombie (D:5)
  A butterfly (Lair:4)
  2 fungi (Lair:5)
  2 plants (Lair:5)
789 creatures vanquished.

Vanquished Creatures (collateral kills)
  Snorg (D:13)
  2 dancing weapons (Elf:2)
  A two-headed ogre (Orc:2)
  A deep elf knight (Elf:2)
  A centaur zombie (D:14)
  A komodo dragon (Lair:6)
  A kobold demonologist (D:14)
  3 basilisks (Lair:6)
  A steam dragon (Lair:6)
  A hell hound (Lair:6)
  3 ogres (Orc:2)
  2 lava snakes (Lair:6)
18 creatures vanquished.

Vanquished Creatures (others)
  A hydra (Lair:5)
  4 two-headed ogres (Orc:2)
  An ogre mage (Orc:2)
  2 elephants (Lair:4)
  A spiny frog (Lair:5)
  A rime drake (Lair:4)
  A komodo dragon (Lair:6)
  2 wraiths (Lair:6)
  2 orc warriors
  A porcupine (Lair:4)
  An ogre (Orc:2)
  4 wolves
  A crocodile (Lair:4)
  A bullfrog (Lair:4)
  2 orc wizards (Orc:2)
  A bush (Lair:4)
  2 fungi
  A plant (Lair:5)
29 creatures vanquished.

Grand Total: 836 creatures vanquished

Notes
Turn   | Place    | Note
-------+----------+-------------------------------------------
     0 | D:1      | robertstho the Minotaur Berserker began the quest for the
                  | Orb.
     0 | D:1      | Reached XP level 1. HP: 19/19 MP: 0/0
    61 | D:1      | Reached XP level 2. HP: 25/27 MP: 1/1
    77 | D:1      | Reached skill level 4 in Axes
   120 | D:1      | Found a glowing golden altar of the Shining One.
   158 | D:1      | Reached XP level 3. HP: 25/33 MP: 2/2
   624 | D:2      | Reached ** piety under Trog
   721 | D:2      | Reached XP level 4. HP: 33/41 MP: 3/3
   729 | D:2      | Reached skill level 5 in Axes
   991 | D:2      | Reached XP level 5. HP: 47/47 MP: 4/4
  1546 | D:3      | Reached *** piety under Trog
  1621 | D:3      | HP: 2/47 [kobold/+0 club (1)]
  2070 | D:3      | You fall into a shaft and drop 2 floors!
  2070 | D:5      | Entered Level 5 of the Dungeon
  2083 | D:5      | Reached skill level 5 in Fighting
  2083 | D:5      | Reached skill level 6 in Axes
  2083 | D:5      | Reached XP level 6. HP: 42/56 MP: 5/5
  2151 | D:5      | Reached skill level 5 in Armour
  2284 | D:5      | Found a sand-covered staircase.
  2294 | Ossuary  | Entered an ossuary
  2504 | Ossuary  | Reached XP level 7. HP: 61/61 MP: 6/6
  2538 | Ossuary  | Reached skill level 7 in Axes
  2611 | D:5      | Got a wavering platinum amulet
  2643 | D:5      | Found Haju's Jewellery Emporium.
  2663 | D:5      | Bought a cursed ring of attention for 63 gold pieces
  2663 | D:5      | Bought a cursed amulet of inaccuracy for 28 gold pieces
  2666 | D:5      | Identified the amulet "Noril" {Inacc MP+9 Int+6} (You found
                  | it on level 5 of the Dungeon)
  2729 | D:5      | Found Kipuw's Antique Weapon Shop.
  2758 | D:5      | Reached skill level 1 in Shields
  2787 | D:5      | Found Sothid's Assorted Antiques.
  2985 | D:6      | Reached **** piety under Trog
  3010 | D:6      | Reached skill level 8 in Axes
  3244 | D:6      | Reached XP level 8. HP: 68/70 MP: 7/7
  3496 | D:6      | Reached skill level 9 in Axes
  4155 | D:4      | You fall into a shaft and drop 3 floors!
  4158 | D:7      | Noticed Menkaure
  4165 | D:7      | Killed Menkaure
  4305 | D:4      | Reached skill level 10 in Axes
  4326 | D:4      | Found a burning altar of Makhleb.
  4326 | D:4      | Found a shadowy altar of Dithmenos.
  4650 | D:4      | Found a staircase to the Ecumenical Temple.
  5305 | D:1      | You fall into a shaft and drop 1 floor!
  5391 | D:5      | Bought a glowing war axe for 143 gold pieces
  5484 | D:7      | Reached ***** piety under Trog
  5538 | D:7      | Reached XP level 9. HP: 76/78 MP: 8/8
  5880 | D:7      | Reached skill level 11 in Axes
  6177 | D:7      | Reached skill level 5 in Dodging
  7044 | D:8      | Found a staircase to the Lair.
  7060 | D:8      | Reached skill level 12 in Axes
  7393 | D:9      | Reached XP level 10. HP: 46/88 MP: 9/9
  7992 | D:10     | Entered Level 10 of the Dungeon
  7992 | D:10     | Found a staircase to the Orcish Mines.
  8009 | D:10     | Received a gift from Trog
  8416 | D:10     | Reached skill level 13 in Axes
  8626 | D:10     | Noticed Gastronok
  8639 | D:10     | Killed Gastronok
  8639 | D:10     | Reached skill level 14 in Axes
  8639 | D:10     | Reached XP level 11. HP: 79/97 MP: 10/10
  8947 | D:11     | Killed an unseen horror
  9241 | D:11     | Noticed a red ugly thing
  9249 | D:11     | Killed a red ugly thing
  9249 | D:11     | Reached skill level 10 in Fighting
  9487 | D:11     | Noticed a purple ugly thing
  9493 | D:11     | Killed a purple ugly thing
  9564 | D:11     | Reached ****** piety under Trog
  9565 | D:11     | Found a roughly hewn altar of Beogh.
  9580 | D:11     | Reached skill level 15 in Axes
  9591 | D:11     | Received a gift from Trog
  9994 | D:11     | Got a crude mace
 10172 | D:12     | Found Xaathree's Armour Shoppe.
 10183 | D:12     | Bought a scarf of repulsion for 180 gold pieces
 10334 | D:12     | Noticed a red ugly thing
 10344 | D:12     | Killed a red ugly thing
 10414 | D:12     | Reached skill level 5 in Shields
 10547 | D:12     | Found a shattered altar of Ashenzari.
 10743 | D:12     | Reached XP level 12. HP: 82/110 MP: 11/11
 10953 | D:13     | Found Vovvoeh's Magic Scroll Shop.
 10958 | D:13     | Bought a scroll of identify for 26 gold pieces
 10958 | D:13     | Bought a scroll of amnesia for 45 gold pieces
 10958 | D:13     | Bought a scroll of magic mapping for 45 gold pieces
 10958 | D:13     | Bought a scroll of vulnerability for 97 gold pieces
 10958 | D:13     | Bought a scroll of immolation for 45 gold pieces
 10994 | D:13     | Noticed a two-headed ogre
 11001 | D:13     | Killed a two-headed ogre
 11096 | D:13     | Reached skill level 16 in Axes
 11106 | D:13     | Noticed Snorg
 11117 | D:13     | Killed Snorg
 11177 | D:13     | Reached skill level 10 in Armour
 11497 | D:13     | Found a gate to the Vaults.
 11560 | D:13     | Bought a scroll of identify for 26 gold pieces
 11560 | D:13     | Bought a scroll of identify for 26 gold pieces
 11583 | D:14     | Noticed a centaur warrior
 11590 | D:14     | Killed a centaur warrior
 11767 | D:14     | Noticed a centaur warrior
 11772 | D:14     | Found a white marble altar of Elyvilon.
 11777 | D:14     | Killed a centaur warrior
 12007 | D:14     | Reached skill level 1 in Stealth
 12019 | D:14     | HP: 5/113 [poisoned by a red devil]
 12020 | D:14     | HP: 2/113 [poisoned by a red devil]
 12261 | D:14     | Found a shimmering blue altar of Sif Muna.
 12262 | D:14     | Noticed a centaur warrior
 12396 | D:15     | Entered Level 15 of the Dungeon
 12505 | D:15     | Noticed a fire dragon
 12512 | D:15     | Killed a fire dragon
 12546 | D:15     | Identified the +5 mace "Vet Ruxiwk" {vorpal, Dex+4} (You
                  | found it on level 11 of the Dungeon)
 12581 | D:15     | Reached XP level 13. HP: 119/119 MP: 12/12
 12616 | D:15     | Reached skill level 1 in Maces & Flails
 13067 | D:15     | Found a staircase to the Depths.
 13247 | D:15     | Received a gift from Trog
 13249 | D:15     | Reached skill level 17 in Axes
 13704 | Lair:1   | Entered Level 1 of the Lair of Beasts
 13900 | Lair:1   | Noticed Grum
 13913 | Lair:1   | Killed Grum
 15121 | Lair:3   | Received a gift from Trog
 15260 | Lair:3   | Found a staircase to the Swamp.
 15279 | Lair:3   | Reached XP level 14. HP: 127/130 MP: 13/13
 15830 | Lair:3   | Found a hole to the Spider Nest.
 15839 | Lair:3   | You fall into a shaft and drop 3 floors!
 15839 | Lair:6   | Entered Level 6 of the Lair of Beasts
 15955 | Lair:6   | Found a large runed translucent door.
 15955 | Lair:6   | Found a large runed translucent door.
 16358 | Lair:6   | Reached skill level 18 in Axes
 16692 | Lair:6   | Noticed Josephine
 16705 | Lair:6   | Killed Josephine
 17180 | Lair:5   | Noticed Sonja
 17189 | Lair:5   | Killed Sonja
 17236 | Lair:5   | Received a gift from Trog
 17603 | Lair:5   | Found a staircase to the Slime Pits.
 17765 | Lair:5   | Reached skill level 10 in Dodging
 18412 | Lair:4   | Received a gift from Trog
 18434 | Lair:4   | Noticed Rupert
 18440 | Lair:4   | Banished Rupert
 19159 | Orc:1    | Entered Level 1 of the Orcish Mines
 19330 | Orc:2    | Entered Level 2 of the Orcish Mines
 19341 | Orc:2    | Found a staircase to the Elven Halls.
 19524 | Orc:1    | Reached skill level 15 in Fighting
 19606 | Orc:2    | Reached skill level 19 in Axes
 19659 | Orc:2    | Reached XP level 15. HP: 128/141 MP: 14/14
 19724 | Orc:2    | Found Cirhouj's Armour Shop.
 19724 | Orc:2    | Found Cevoha's Assorted Antiques.
 19724 | Orc:2    | Found Yxtass's Book Shoppe.
 19724 | Orc:2    | Found Festrex's Magic Scroll Shop.
 19824 | Orc:2    | Bought a scroll of teleportation for 39 gold pieces
 19824 | Orc:2    | Bought a scroll of identify for 26 gold pieces
 19824 | Orc:2    | Bought a scroll of identify for 26 gold pieces
 19824 | Orc:2    | Bought a scroll of teleportation for 39 gold pieces
 19824 | Orc:2    | Bought a scroll of fog for 26 gold pieces
 19824 | Orc:2    | Bought a scroll of enchant armour for 97 gold pieces
 19824 | Orc:2    | Bought a scroll of summoning for 123 gold pieces
 19826 | Orc:2    | Identified a scroll of acquirement
 19839 | Orc:2    | Received a gift from Trog
 19952 | Orc:2    | Bought 2 potions of curing for 204 gold pieces
 19952 | Orc:2    | Bought a potion of curing for 102 gold pieces
 19952 | Orc:2    | Bought a scroll of teleportation for 102 gold pieces
 19967 | Orc:2    | Gained mutation: You are weak. (Str -2) [mutagenic glow]
 20025 | Orc:2    | Gained mutation: You are occasionally teleported next to
                  | monsters. [mutagenic glow]
 20202 | Orc:2    | Found Cuerecw's Magic Scroll Emporium.
 20217 | Orc:2    | Bought a scroll of enchant weapon for 112 gold pieces
 20217 | Orc:2    | Bought a scroll of brand weapon for 300 gold pieces
 20217 | Orc:2    | Bought a scroll of random uselessness for 15 gold pieces
 20217 | Orc:2    | Bought a scroll of teleportation for 45 gold pieces
 20217 | Orc:2    | Bought a scroll of identify for 30 gold pieces
 20217 | Orc:2    | Bought a scroll of identify for 30 gold pieces
 20673 | Elf:1    | Entered Level 1 of the Elven Halls
 20800 | Elf:1    | Reached skill level 20 in Axes
 20932 | Elf:1    | Found Yladonac's Book Shop.
 20953 | Elf:1    | Received a gift from Trog
 20957 | Elf:1    | Got a crystal hand axe {god gift}
 20957 | Elf:1    | Identified the +6 hand axe of the Crypt {flame, Dex+5}
                  | (Trog gifted it to you on level 1 of the Elven Halls)
 21104 | Elf:1    | Found Uragank's Book Emporium.
 21104 | Elf:1    | Found Duuluut's Gadget Shoppe.
 21474 | Elf:1    | Found a shimmering blue altar of Sif Muna.
 22225 | Elf:2    | Noticed a deep elf blademaster
 22246 | Elf:2    | Killed a deep elf blademaster
 22246 | Elf:2    | Reached XP level 16. HP: 12/152 MP: 15/15
 22271 | Elf:2    | HP: 4/152 [+2 trident of protection (14)]
 22271 | Elf:2    | HP: 1/152 [tarantella[a deep elf mage] (3)]
 22271 | Elf:2    | Slain by a +0 mace of distortion

Levels and vault maps discovered:
D:1:      lemuel_arrival_lava_pool, layout_basic, supply_closet_lemuel,
          tso_metal_star
D:2:      layout_basic
D:3:      wad_pebble_path, layout_loops_ring, grunt_decor_fettered
D:4:      layout_loops_ring, nicolae_overflow_hidden_temple, temple_hall,
          first_ration
D:5:      layout_gridville, enter_ossuary_3, serial_shops, nicolae_shop_stone,
          shop, shop_statue
D:6:      lemuel_ratsnest, layout_basic
D:7:      layout_loops_corners, serial_rivers, chequers_serial_rivers_large_a,
          chequers_serial_rivers_micro_c, chequers_serial_rivers_micro_c,
          chequers_serial_rivers_micro_a, uniq_menkaure
D:8:      layout_basic, lair_entry_dummy, grunt_pizzeria
D:9:      layout_basic
D:10:     layout_rooms, orc_0_dummy, minmay_misc_feat_five, uniq_gastronok
D:11:     layout_rooms, special_room [special_room_orc],
          hangedman_decor_slide_cut, minmay_misc_feat_x, st_stairs_14
D:12:     layout_loops_cross, serial_shops, shop, nicolae_ashenzari_panopticon
D:13:     layout_rooms, david_vaults_4, serial_shops, nicolae_shop_waterfront,
          uniq_snorg
D:14:     layout_irregular_city, skrybe_limestone_x, basic_altar,
          statue_in_the_mist_lemuel, lemuel_tele_altar
D:15:     grunt_enter_depths_snipers, layout_basic, serial_park_square3
          [serial_park_minivault_5x5_4], minivault_22
Lair:1:   layout_roguey, st_stairs_7, grunt_megastairs_2, uniq_grum
Lair:2:   layout_gridlike, infiniplex_staircase_pool
Lair:3:   dragon1_lemuel, layout_regular_city, swamp_mist_pool,
          dummy_spider_entry
Lair:4:   layout_roguey, lemuel_fruit_fields, lemuel_fruit_tree,
          lemuel_fruit_fields, serial_bayou_shore_b, uniq_rupert
Lair:5:   layout_small_grid, minmay_slime_entry_jelly_boxes,
          serial_bayou_shore_b, minmay_lair_oklob_chamber, uniq_sonja
Lair:6:   cheibrodos_lair_end_hotspot, layout_long_grid, uniq_josephine
Orc:1:    layout_caves
Orc:2:    st_orc_ogre_mass, layout_caves, serial_shops, nicolae_shop_trees
Elf:1:    eino_elf_arrival_shootout, layout_gridlike, basic_altar, serial_shops,
          nicolae_shop_crystal, kennysheep_underground_church, nrook_uturn,
          nicolae_elf_v_pinch, minmay_shoptagon
Elf:2:    layout_loops_ring, serial_shops,
          nicolae_shop_competitors_out_of_business

Skill      XL: |  1  2  3  4  5  6  7  8  9 10 11 12 13 14 15 |
---------------+----------------------------------------------+-----
Fighting       | 4 5 6 8 9 11 12 13 15 16 | 16.4
Axes           | 4 5 6 8 10 12 14 15 16 17 19 20 | 20.6
Armour         | 3 4 5 6 7 8 9 11 12 13 14 | 14.3
Dodging        | 3 4 5 6 7 8 9 10 11 | 11.0
Shields        | 1 2 4 5 6 7 8 |  8.3
Stealth        | 1 |  1.5
Maces & Flails | 3 |  3.6

Action                   |  1- 3 |  4- 6 |  7- 9 | 10-12 | 13-15 | 16-18 || total
-------------------------+-------+-------+-------+-------+-------+-------++-------
Melee: Hand axe          |    94 |     8 |       |       |   175 |     4 ||   281
       Headbutt          |    15 |    25 |    70 |    94 |   208 |     1 ||   413
       War axe           |       |   136 |   368 |   476 |   143 |       ||  1123
       Mace              |       |       |       |     9 |   113 |       ||   122
       Broad axe         |       |       |       |       |    65 |       ||    65
       Battleaxe         |       |       |       |       |   378 |       ||   378
       Executioner's axe |       |       |       |       |    65 |       ||    65
Invok: Berserk           |       |     2 |     1 |     6 |     9 |       ||    18
       Trog's Hand       |       |     1 |       |     3 |     1 |     1 ||     6
       Brothers in Arms  |       |       |       |     2 |     3 |     1 ||     6
Evoke: Box of beasts     |       |       |       |       |       |     1 ||     1
  Use: Scroll            |       |     2 |     8 |     7 |     9 |     1 ||    27
       Potion            |       |       |       |     3 |       |     5 ||     8
  Eat: Chunk             |       |     6 |    16 |    19 |    32 |     1 ||    74
       Ration            |       |       |     1 |     2 |     3 |       ||     6
Armor: Animal skin       |     3 |       |       |       |       |       ||     3
       Ring mail         |    19 |       |       |       |       |       ||    19
       Scale mail        |    16 |    51 |   141 |   151 |       |       ||   359
       Plate armour      |       |       |       |     6 |   200 |       ||   206
       Fire dragon scale |       |       |       |       |   110 |     7 ||   117
       Acid dragon scale |       |       |       |       |     1 |       ||     1
Dodge: Dodged            |    74 |    62 |   133 |   143 |   360 |     8 ||   780
       Repelled          |       |       |       |     2 |    29 |       ||    31
Block: Kite shield       |       |    14 |    97 |   204 |   240 |     7 ||   562

Table legend:
 A = Non-vault XP
 B = Vault XP
 C = Vault XP percentage of total XP
 D = Non-vault monster count
 E = Vault monster count
 F = Vault count percentage of total count
                 A         B        C        D         E       F
            +---------+---------+-------+---------+---------+-------
      Total |   99067 |   55848 |  36.1 |     637 |     190 |  23.0
            +---------+---------+-------+---------+---------+-------
        D:1 |      69 |       0 |   0.0 |      30 |       0 |   0.0
        D:2 |     143 |       0 |   0.0 |      36 |       0 |   0.0
        D:3 |     173 |       0 |   0.0 |      24 |       0 |   0.0
        D:4 |     318 |       0 |   0.0 |      14 |       0 |   0.0
        D:5 |     362 |       1 |   0.3 |      13 |       1 |   7.1
        D:6 |     982 |     146 |  12.9 |      22 |      30 |  57.7
        D:7 |    1042 |     175 |  14.4 |      25 |       1 |   3.8
        D:8 |    1164 |     129 |  10.0 |      32 |       1 |   3.0
        D:9 |    1374 |       0 |   0.0 |      27 |       0 |   0.0
       D:10 |    2911 |    2307 |  44.2 |      33 |       1 |   2.9
       D:11 |    5436 |    1415 |  20.7 |      43 |      25 |  36.8
       D:12 |    3919 |       0 |   0.0 |      26 |       0 |   0.0
       D:13 |    2702 |    2613 |  49.2 |      10 |       5 |  33.3
       D:14 |    7797 |       0 |   0.0 |      31 |       0 |   0.0
       D:15 |   13655 |    2532 |  15.6 |      38 |       4 |   9.5
     Lair:1 |    4282 |     662 |  13.4 |      22 |       4 |  15.4
     Lair:2 |    3466 |       0 |   0.0 |      15 |       0 |   0.0
     Lair:3 |    7664 |    1016 |  11.7 |      34 |       1 |   2.9
     Lair:4 |    5589 |    2238 |  28.6 |      25 |       1 |   3.8
     Lair:5 |    5962 |    2594 |  30.3 |      27 |      18 |  40.0
     Lair:6 |    2685 |    9553 |  78.1 |      10 |      34 |  77.3
      Orc:1 |    2207 |       0 |   0.0 |      28 |       0 |   0.0
      Orc:2 |    6151 |   17685 |  74.2 |      40 |      33 |  45.2
      Elf:1 |   13246 |    6317 |  32.3 |      24 |      11 |  31.4
      Elf:2 |    5768 |    6211 |  51.8 |       8 |       8 |  50.0
    Ossuary |       0 |     254 | 100.0 |       0 |      12 | 100.0
            +---------+---------+-------+---------+---------+-------
